 Dungeon Crawl Stone Soup version 0.30-a0-632-g346586fe48 (console) character file.

Game seed: 18085478479739868037

15822 jejorda2 the Impaler (level 12, -15/88 HPs)
             Began as a Merfolk Berserker on Jan 13, 2023.
             Was a High Priest of Trog.
             Demolished by a skeletal warrior
             ... wielding a +0 war axe
              (16 damage)
             ... on level 11 of the Dungeon.
             The game lasted 00:30:16 (11674 turns).

jejorda2 the Impaler (Merfolk Berserker)           Turns: 11674, Time: 00:30:17

Health: -15/88     AC: 19    Str: 22    XL:     12   Next: 31%
Magic:  12/12      EV:  8    Int: 10    God:    Trog [*****.]
Gold:   675        SH:  5    Dex: 13    Spells: 11/11 levels left

rFire   x . .      SeeInvis .    a - +13 scythe {drain, curses, Drain}
rCold   + . .      Faith    .    (shield currently unavailable)
rNeg    . . .      Spirit   .    B - +0 plate armour
rPois   .          Reflect  +    L - +1 helmet {Int+3}
rElec   .          Harm     .    q - +0 cloak
rCorr   .          Rampage  .    C - +2 pair of gloves
Will    .....                    (no boots) Stlth
                                 E - amulet of reflection
HPRegen 0.34/turn                f - ring of ice
MPRegen 0.13/turn                (no ring)

@: on berserk cooldown, slowed, very slow
A: (nimble swimmer 2), mertail
a: Renounce Religion, Berserk, Trog's Hand, Brothers in Arms


You were on level 11 of the Dungeon.
You worshipped Trog.
Trog was extremely pleased with you.
You visited 1 branch of the dungeon, and saw 11 of its levels.
You also visited: Sewer and Ice Cave.

You collected 897 gold pieces.
You spent 222 gold pieces at shops.

Inventory:

Hand Weapons
 a - the +13 scythe of Curses (weapon) {drain, curses, Drain}
   (You found it in an ice cave)

   Drain:     It drains your maximum health when unequipped.
 b - a +2 trident of flaming
 K - a +0 halberd
Missiles
 c - 142 stones
 m - 29 poisoned darts
 u - 8 boomerangs
 w - 8 curare-tipped darts
 J - 3 javelins
Armour
 q - a +0 cloak (worn)
 y - a +0 tower shield of cold resistance
 B - a +0 plate armour (worn)
 C - a +2 pair of gloves (worn)
 F - a +2 kite shield of cold resistance
 L - a +1 helmet of intelligence (worn)
 O - a +1 buckler of cold resistance
Jewellery
 f - a ring of ice (left hand)
 E - an amulet of reflection (around neck)
Wands
 D - a wand of flame (27) (quivered)
 H - a wand of digging (2)
 I - a wand of polymorph (2)
Scrolls
 d - 7 scrolls of identify
 g - 3 scrolls of fear
 i - 4 scrolls of enchant weapon
 l - 3 scrolls of teleportation
 n - 2 scrolls of magic mapping
 s - 2 scrolls of immolation
 v - a scroll of enchant armour
 x - 2 scrolls of poison
 M - a scroll of fog
Potions
 e - 7 potions of berserk rage
 h - a potion of ambrosia
 j - 4 potions of invisibility
 k - 5 potions of mutation
 o - a potion of magic
 p - a potion of heal wounds
 r - a potion of flight
 t - 2 potions of attraction
 z - 3 potions of haste
 A - 4 potions of curing
Miscellaneous
 P - a lightning rod (4/4)


   Skills:
 - Level 6.0 Fighting
 + Level 20.7 Polearms
 - Level 6.0 Throwing
 - Level 6.0 Armour
 - Level 6.0 Dodging
 + Level 3.3 Evocations


You had 11 spell levels left.
You didn't know any spells.
Your spell library was empty.

Dungeon Overview and Level Annotations

Branches:
Dungeon (11/15)            Temple (0/1) D:7           Sewer (visited)
  IceCv (visited)
   Lair: D:8-11         Orc: D:9-12

Altars:
Ashenzari
Cheibriados
Elyvilon
Fedhas
Gozag
Hepliaklqana
Makhleb
Ru
Sif Muna
Uskayaw
Vehumet
Zin
The Shining One

Shops:
D:6 [   D:9 !*


Innate Abilities, Weirdness & Mutations

((You are very nimble when in or above water. (Stealth+, EV+, Speed+++)))
Your lower body shifts to a powerful aquatic tail in water.


Message History

The acid dragon is almost dead.
The acid dragon bites you. You block the acid dragon's attack.
The acid dragon closely misses you.
The acid dragon claws you but does no damage.
You barely miss the acid dragon.
The acid dragon is almost dead.
A hound comes into view.
The skeletal warrior zaps a wand.
Some rock shatters into small pieces.
The now-empty wand crumbles to dust.
You block the acid dragon's attack.
The acid dragon claws you but does no damage.
The hound moves out of view.
You slice the acid dragon!!
You kill the acid dragon!
Trog accepts your kill.
You barely miss the skeletal warrior.
A skeletal warrior comes into view.
It is wielding a +0 dire flail of venom.
The skeletal warrior hits you with a +0 flail!
The skeletal warrior moves out of view.
You closely miss the skeletal warrior. You hit the skeletal warrior.
The skeletal warrior is lightly damaged.
You block the skeletal warrior's attack.
A skeletal warrior comes into view. It is wielding a +0 hand axe.
The skeletal warrior hits you with a +0 war axe!
The hound barks!
You slice the skeletal warrior!!
The skeletal warrior is moderately damaged.
The skeletal warrior hits you with a +0 war axe.
You slash the skeletal warrior!
The skeletal warrior is heavily damaged.
The skeletal warrior hits you with a +0 war axe!
* * * LOW HITPOINT WARNING * * *
The skeletal warrior hits you with a +0 war axe!
* * * LOW HITPOINT WARNING * * *
As you read the scroll of fear, it crumbles to dust.
You assume a fearsome visage.
The hound looks frightened! x2
The skeletal warrior is unaffected. x3; The cyclops looks frightened!
The kobold looks frightened! x2
The skeletal warrior hits you with a +0 war axe!
You die...

# z #
###.###z###########
#....@zCK.h.h.....#
###.####zK...#..#.#
# #.<..#)#...#
#........#...#
...........†#...#
#...##.....#).#.#
#...#........D....
...)...............
. ........#........


You could see 3 skeletal warriors, a cyclops (fleeing), 2 hounds and 2 kobolds.

Vanquished Creatures
  A two-headed ogre (D:11)
  2 bog bodies (IceCv)
  An ice statue (IceCv)
  An unseen horror (D:9)
  A gargoyle (D:10)
  An ice devil (IceCv)
  A troll (D:11)
  A hornet (D:9)
  Prince Ribbit (D:6)
  10 yaks
  2 dire elephant simulacra (IceCv)
  2 steam dragons
  4 death yak simulacra (IceCv)
  A harpy simulacrum (IceCv)
  8 vampire mosquitoes
  3 acid dragons
  2 water moccasins
  4 hydra simulacra (IceCv)
  Pargi (Sewer)
  3 sky beasts (D:7)
  A black bear (D:6)
  3 orc warriors
  An ice beast (D:5)
  An ogre (D:6)
  A wolf (D:11)
  2 centaurs (D:7)
  3 phantoms
  A gnoll sergeant (D:6)
  7 kobold brigands
  A bullfrog (D:9)
  4 two-headed ogre simulacra (IceCv)
  2 scorpions
  2 cane toad simulacra (IceCv)
  A necrophage (D:6)
  11 wights
  2 elephant simulacra (IceCv)
  2 howler monkeys (D:11)
  3 hounds
  A jelly (D:4)
  9 orc priests
  2 iguanas
  9 orc wizards
  A polar bear simulacrum (IceCv)
  8 spriggan simulacra (IceCv)
  4 wolf simulacra (IceCv)
  5 troll simulacra (IceCv)
  9 gnolls
  6 adders
  3 naga simulacra (IceCv)
  A shadow imp (D:5)
  7 white imps (IceCv)
  7 ufetubi (IceCv)
  A worm (D:3)
  3 dart slugs
  34 orcs
  8 endoplasms
  4 giant cockroaches
  2 goblins
  3 hobgoblins
  3 jackals (D:2)
  35 kobolds
  3 quokkas
  4 ball pythons
  5 bats
  12 frilled lizards
  A rat (D:2)
288 creatures vanquished.

Vanquished Creatures (collateral kills)
  A wolf (D:11)
1 creature vanquished.

Vanquished Creatures (others)
  2 fungi (D:4)
  12 plants
  3 toadstools (D:4)
17 creatures vanquished.

Grand Total: 306 creatures vanquished

Notes
Turn   | Place    | Note
-------+----------+-------------------------------------------
     0 | D:1      | jejorda2 the Merfolk Berserker began the quest for the Orb.
     0 | D:1      | Reached XP level 1. HP: 18/18 MP: 1/1
   111 | D:1      | Reached XP level 2. HP: 24/24 MP: 2/2
   524 | D:2      | Reached XP level 3. HP: 29/29 MP: 3/3
   871 | D:2      | Reached skill level 5 in Polearms
  1236 | D:3      | Reached ** piety under Trog
  1595 | D:3      | Found a faded altar of an unknown god.
  1788 | D:3      | Reached XP level 4. HP: 37/37 MP: 4/4
  2215 | D:4      | Noticed a kobold brigand
  2235 | D:4      | Killed a kobold brigand
  2236 | D:4      | Reached XP level 5. HP: 35/42 MP: 5/5
  2306 | D:4      | Reached skill level 6 in Polearms
  2707 | D:4      | Found a hazy altar of Hepliaklqana.
  2708 | D:4      | Found a blossoming altar of Fedhas.
  2711 | D:4      | Found a broken altar of Ashenzari.
  2727 | D:4      | Reached XP level 6. HP: 40/49 MP: 6/6
  2727 | D:4      | Found a shimmering blue altar of Sif Muna.
  2727 | D:4      | Found a snail-covered altar of Cheibriados.
  2759 | D:4      | Found a white marble altar of Elyvilon.
  2760 | D:4      | Found an opulent altar of Gozag.
  2881 | D:4      | Reached skill level 7 in Polearms
  3001 | D:4      | Found a sacrificial altar of Ru.
  3040 | D:4      | Found a hide-covered altar of Uskayaw.
  3095 | D:4      | Reached skill level 5 in Dodging
  3618 | D:5      | Entered Level 5 of the Dungeon
  3682 | D:5      | Reached skill level 5 in Fighting
  3684 | D:5      | Reached XP level 7. HP: 24/56 MP: 7/7
  3758 | D:5      | Found a glowing drain.
  3767 | Sewer    | Entered a sewer
  3918 | Sewer    | Noticed Pargi
  3921 | Sewer    | Reached skill level 8 in Polearms
  3937 | Sewer    | Killed Pargi
  4421 | D:5      | Reached skill level 9 in Polearms
  4421 | D:5      | Reached XP level 8. HP: 58/64 MP: 8/8
  4788 | D:6      | Reached skill level 10 in Polearms
  5093 | D:6      | Noticed Prince Ribbit
  5098 | D:6      | Killed Prince Ribbit
  5099 | D:6      | Reached skill level 11 in Polearms
  5205 | D:6      | Found a burning altar of Makhleb.
  5205 | D:6      | Found a glowing silver altar of Zin.
  5207 | D:6      | Found a radiant altar of Vehumet.
  5315 | D:6      | Found Onynk's Antique Armour Shoppe.
  5336 | D:6      | Bought a helmet for 94 gold pieces
  5351 | D:6      | Reached *** piety under Trog
  5590 | D:6      | Reached skill level 12 in Polearms
  5747 | D:6      | Reached XP level 9. HP: 69/69 MP: 9/9
  5967 | D:7      | Found a staircase to the Ecumenical Temple.
  6161 | D:7      | Reached skill level 13 in Polearms
  7184 | D:8      | Reached skill level 14 in Polearms
  7382 | D:8      | Found a glowing golden altar of the Shining One.
  7404 | D:8      | Reached XP level 10. HP: 42/76 MP: 10/10
  7519 | D:8      | Reached skill level 19 in Polearms
  7519 | D:8      | Reached XP level 11. HP: 81/81 MP: 11/11
  7648 | D:8      | Reached **** piety under Trog
  7867 | D:9      | Found Iukhiyxeel's Incredible Inventory.
  8286 | D:9      | Found Itoaxaf's Distillery.
  8295 | D:9      | Bought a potion of ambrosia for 128 gold pieces
  8301 | D:9      | Reached skill level 1 in Throwing
  8677 | D:10     | Entered Level 10 of the Dungeon
  8684 | D:9      | Reached skill level 20 in Polearms
  8840 | D:10     | Reached ***** piety under Trog
  8841 | D:10     | Reached skill level 5 in Armour
  9811 | D:11     | Found a frozen archway.
  9818 | IceCv    | Entered an ice cave
 10039 | IceCv    | Found the +13 scythe of Curses {drain, curses, Drain}
 10729 | IceCv    | Reached skill level 5 in Throwing
 10895 | IceCv    | Received a gift from Trog
 11080 | IceCv    | Reached skill level 1 in Evocations
 11080 | IceCv    | Reached XP level 12. HP: 88/88 MP: 12/12
 11331 | IceCv    | Identified the +5 battleaxe of Limufeth {freeze, rElec rN+
                  | Will+ MP+9}
 11618 | D:11     | Noticed a two-headed ogre
 11644 | D:11     | Killed a two-headed ogre
 11673 | D:11     | HP: 1/88 [skeletal warrior/+0 war axe (17)]
 11674 | D:11     | Demolished by a skeletal warrior

Illustrated notes

Levels and vault maps discovered:
D:1:      dpeg_arrival_simpleton_a, layout_basic
D:2:      layout_loops_ring
D:3:      layout_loops_ring, hellmonk_ecumenical_altar_zigzags,
          minmay_lizard_king
D:4:      layout_loops_corners, mainiacjoe_overflow_cross_hatched, minitemple,
          mainiacjoe_overflow_six_doors_small, minmay_gold_behind_fungi
D:5:      layout_gridville, portal_sewer_entry_d
D:6:      layout_loops_cross, gammafunk_temple_overflow_claw, serial_shops,
          nicolae_shop_overgrown_old_shop, uniq_prince_ribbit1
D:7:      layout_gridville, minmay_temple_entry_butterflies, serial_rivers,
          chequers_serial_rivers_room_a, chequers_serial_rivers_micro_d,
          chequers_serial_rivers_room_b, chequers_serial_rivers_small_b,
          chequers_serial_rivers_room_a, chequers_serial_rivers_micro_b
D:8:      layout_cave_pools, lemuel_coloured_pillars_altar
D:9:      layout_basic, serial_shops, shop, nicolae_alphabet_shops,
          nicolae_fountain_basement
D:10:     layout_long_grid
D:11:     layout_basic, erik_lair_island, orc_0_dummy,
          portal_ice_cave_entry_pillars_2, dancing_weapons_uskayaw

Skill      XL: |  1  2  3  4  5  6  7  8  9 10 11 12 |
---------------+-------------------------------------+-----
Dodging        | 3 4 5 6 |  6.0
Polearms       | 5 6 7 9 12 14 19 20 | 20.7
Fighting       | 4 5 6 |  6.0
Armour         | 2 4 6 |  6.0
Throwing       | 5 6 |  6.0
Evocations     | 1 3 |  3.3

Action                   |  1- 3 |  4- 6 |  7- 9 | 10-12 || total
-------------------------+-------+-------+-------+-------++-------
Melee: Spear             |   182 |    87 |       |       ||   269
       Punch             |     2 |     2 |       |       ||     4
       Trident           |       |    42 |   140 |       ||   182
       Tailslap          |       |       |     3 |     3 ||     6
       Halberd           |       |       |   142 |   220 ||   362
       Scythe            |       |       |       |   149 ||   149
Throw: Stone             |       |     4 |     3 |    18 ||    25
Invok: Berserk           |     1 |     3 |     5 |     4 ||    13
       Trog's Hand       |       |       |     1 |     2 ||     3
       Brothers in Arms  |       |       |       |     1 ||     1
Evoke: Wand              |       |       |       |     7 ||     7
  Use: Scroll            |       |     6 |     8 |    12 ||    26
       Potion            |       |       |       |     1 ||     1
 Stab: Sleeping          |     3 |       |       |       ||     3
       Distracted        |       |       |       |     1 ||     1
Armor: Animal skin       |     8 |       |       |       ||     8
       Leather armour    |    19 |       |    19 |    31 ||    69
       Chain mail        |    29 |    39 |    51 |       ||   119
       Plate armour      |       |       |       |    80 ||    80
Dodge: Dodged            |    60 |    22 |    97 |   124 ||   303
Block: Other             |       |       |    23 |    73 ||    96
       Orb               |       |       |     6 |       ||     6
       Reflection        |       |       |       |     3 ||     3

Table legend: (Time is in decaauts)
 A = Elapsed time spent in this place.
 B = Non-inter-level travel time spent in this place.
 C = Inter-level travel time spent in this place.
 D = Time resting spent in this place.
 E = Time spent auto-exploring this place.
 F = Levels seen in this place.
 G = Mean time per level.
                   A        B        C        D        E       F      G
               +--------+--------+--------+--------+--------+-----+--------+
         Total |  11647 |  10956 |    691 |   1233 |   7715 |  13 |  895.9 |
       Dungeon |   9567 |   8876 |    691 |    371 |   6911 |  11 |  869.7 |
         Sewer |    263 |    263 |      0 |      0 |    202 |   1 |  263.0 |
      Ice Cave |   1817 |   1817 |      0 |    862 |    602 |   1 | 1817.0 |
               +--------+--------+--------+--------+--------+-----+--------+

Top non-repeatable levels by time:
   IceCv: 1817 daAuts
     D:4: 1440 daAuts
     D:6: 1164 daAuts
     D:9: 1141 daAuts
     D:7: 1110 daAuts
     D:3: 971 daAuts
     D:8: 858 daAuts
    D:10: 817 daAuts
     D:5: 797 daAuts
     D:2: 680 daAuts
     D:1: 512 daAuts
   Sewer: 263 daAuts
    D:11: 73 daAuts
